 Dungeon Crawl Stone Soup version 0.19.1 (webtiles) character file.

55 Nihil the Cudgeler (level 3, -2/54 HPs)
             Began as a Troll Berserker on Dec 3, 2016.
             Was a Believer of Trog.
             Slain by a gnoll
             ... wielding a +0 flail
              (10 damage)
             ... on level 2 of the Dungeon.
             The game lasted 00:02:36 (900 turns).

Nihil the Cudgeler (Troll Berserker)                 Turns: 900, Time: 00:02:37

Health: -2/54      AC:  5    Str: 31    XL:     3   Next: 67%
Magic:  2/2        EV: 10    Int:  3    God:    Trog [**....]
Gold:   70         SH:  0    Dex:  9    Spells: 0 memorised, 2 levels left

rFire  . . .     SeeInvis .     a - +0 mace
rCold  . . .     Gourm    +     b - +0 animal skin
rNeg   . . .     Faith    .     (no shield)
rPois  .         Spirit   .     (helmet restricted)
rElec  .         Reflect  .     (no cloak)
rCorr  .         Harm     .     (gloves unavailable)
MR     .....                    (boots unavailable)
Stlth  ..........               (no amulet)
                                (no ring)
                                (no ring)

@: berserking, drained, very quick
A: unfitting armour, claws 3, fast metabolism 3, gourmand, regeneration 1,
shaggy fur 1, tough skin 2
a: Berserk, Trog's Hand, Burn Spellbooks, Renounce Religion


You were on level 2 of the Dungeon.
You worshipped Trog.
Trog was pleased with you.
You were very full.

You visited 1 branch of the dungeon, and saw 2 of its levels.

You collected 70 gold pieces.

Inventory:

Hand Weapons
 a - a +0 mace (weapon)
Armour
 b - a +0 animal skin (worn)
Jewellery
 h - an uncursed ring of ice {unknown}
 i - an uncursed ring of resist corrosion {unknown}
Scrolls
 d - a scroll of identify {unknown}
 j - 2 scrolls of magic mapping {unknown}
 l - a scroll of fear {unknown}
 q - a scroll of enchant weapon {unknown}
Potions
 e - 2 potions of curing {unknown}
 g - a potion of ambrosia {unknown}
 n - a potion of might {unknown}
 p - a potion of heal wounds {unknown}
Comestibles
 c - 4 bread rations
 f - 2 slices of pizza
 k - a meat ration
 m - a beef jerky
 o - 2 chunks of flesh


   Skills:
 + Level 2.7(2.1) Fighting
 + Level 3.4(2.8) Maces & Flails
 + Level 3.0(2.4) Dodging


You had 2 spell levels left.
You didn't know any spells.

Dungeon Overview and Level Annotations

Branches:
Dungeon (2/15)

Altars:
Qazlal


Innate Abilities, Weirdness & Mutations

You are too large for most types of armour.
You have claws for hands.
Your metabolism is lightning-fast.
You like to eat raw meat.
Your natural rate of healing is unusually fast.
You are covered in fur. (AC +1)
You have very tough skin. (AC +2)


Message History

The gnoll closely misses you.
A red film seems to cover your vision as you go berserk!
You feel yourself moving faster!
You feel mighty! The quokka closely misses you.
The gnoll completely misses you. The gnoll closely misses you.
The gnoll barely misses you. The kobold hits you.
You sock the gnoll!
The gnoll is almost dead.
The quokka barely misses you.
The gnoll hits you from afar with a spear!
The gnoll closely misses you. The kobold hits you.
You barely miss the gnoll.
The gnoll is almost dead.
The quokka completely misses you. The gnoll hits you with a flail!
The gnoll hits you from afar with a spear!
* * * LOW HITPOINT WARNING * * *
You are too injured to fight recklessly!
You are too injured to fight recklessly!
You are too injured to fight recklessly!
The gnoll hits you with a flail!
You die...

.###.###.....## .#§...
#....#####
.#.....#.#......#
...._....##.###... .
.#.....####.# ..
##§...§#....##
######...
##.###.....####........
#.. #..........g.g.....
#. #####.....@Krbl....
#...####g.%..... #....>
.........
#.................
.................##
###...............#
#...........$...#
............#


You could see 3 gnolls, a leopard gecko, a quokka, a bat and a kobold.

Vanquished Creatures
  An ooze (D:1)
  A worm (D:2)
  2 dart slugs
  A leopard gecko (D:1)
  4 ball pythons
  7 bats (D:1)
  3 giant cockroaches
  8 hobgoblins
  2 jackals (D:1)
  A kobold (D:1)
  3 frilled lizards (D:1)
  A goblin (D:1)
  7 rats
41 creatures vanquished.

Notes
Turn   | Place    | Note
-------+----------+-------------------------------------------
     0 | D:1      | Nihil the Troll Berserker began the quest for the Orb.
     0 | D:1      | Reached XP level 1. HP: 22/22 MP: 0/0
   234 | D:1      | Reached XP level 2. HP: 29/29 MP: 1/1
   392 | D:1      | Reached XP level 3. HP: 21/36 MP: 2/2
   509 | D:1      | Reached ** piety under Trog
   867 | D:2      | Found a stormy altar of Qazlal.
   900 | D:2      | Slain by a gnoll

Skill      XL: |  1  2  3 |
---------------+----------+-----
Maces & Flails | 3 |  3.4
Dodging        | 3 |  3.0
Fighting       | |  2.7

Action                   || total
-------------------------++-------
Melee: Mace              ||   145
Invok: Berserk           ||     2
  Eat: Chunk             ||    15
Armor: Animal skin       ||   100
Dodge: Dodged            ||   140
